Map: Incorporeal LE

Players

SubN

  • Race: Zerg Zerg
  • Spawn Location: 11:00

dvi - Winner!

  • Race: Terran Terran
  • League: Diamond
  • Spawn Location: 5:00

VOD

Have the link to the VOD?

Description

Time

  • Played on: July 11, 2025, 9:06 p.m.
  • Length: 13:03
Show
View Real Time Build Order
Export as new Build Order

SubN Zerg 

Build Orders: Pool First 

Get SALT Encoding   

  12  0:00  Drone  
  13  0:12  Overlord  
  13  0:18  Drone  
  14  0:31  Drone x2  
  16  0:39  Drone  
  17  0:45  Spawning Pool  
  17  0:49  Drone  
  17  0:53  Extractor  
  17  0:55  Drone  
  17  1:20  Hatchery  
  17  1:23  Drone x2  
  18  1:28  Drone  
  19  1:40  Queen  
  19  1:46  Overlord  
  21  1:52  Zergling x2  
  22  1:56  Metabolic Boost  
  22  2:04  Overlord  
  22  2:14  Zergling x2  
  23  2:22  Queen  
  23  2:24  Zergling x2  
  26  2:33  Zergling x4  
  28  2:42  Queen  
  29  2:58  Zergling x2  
  29  2:59  Zergling x10  
  35  3:05  Lair  
  35  3:08  Zergling x2  
  33  3:22  Zergling x6  
  36  3:29  Drone x4  
  40  3:36  Baneling Nest  
  39  3:49  Drone x3  
  39  3:50  Extractor  
  39  3:52  Drone  
  39  3:53  Drone  
  43  3:59  Evolution Chamber  
  42  4:03  Evolution Chamber  
  41  4:12  Drone x3  
  41  4:13  Overlord  
  44  4:17  Overlord  
  44  4:22  Baneling x3  
  44  4:23  Baneling  
  44  4:38  Baneling  
  44  4:39  Baneling  
  44  4:42  Hatchery  
  33  5:08  Zergling x2  
  33  5:09  Zergling x20  
  33  5:10  Zergling x2  
  44  5:16  Drone  
  44  5:17  Drone  
  44  5:18  Extractor  
  45  5:28  Hydralisk Den  
  44  5:37  Queen  
  44  5:39  Drone x2  
  44  5:40  Drone  
  49  5:46  Overlord  
  49  5:50  Drone x2  
  49  5:52  Drone  
  52  6:03  Centrifugal Hooks  
  52  6:04  Hydralisk  
  52  6:07  Hydralisk  
  56  6:14  Drone  
  56  6:18  Spine Crawler  
  56  6:22  Baneling x5  
  56  6:23  Hydralisk  
  58  6:30  Zergling x6  
  61  6:37  Drone x3  
  64  6:46  Hydralisk  
  62  6:47  Hydralisk x2  
  62  7:08  Drone x6  
  66  7:09  Drone x2  
  66  7:10  Hydralisk Den  
  66  7:12  Extractor  
  66  7:14  Queen  
  70  7:19  Baneling x4  
  68  7:32  Zergling x2  
  68  7:33  Zergling x14  
  71  7:41  Zergling x8  
  70  7:46  Zerg Missile Weapons Level 1  
  70  7:54  Extractor  
  69  7:59  Zerg Melee Weapons Level 1  
  69  8:01  Drone x2  
  69  8:05  Hatchery  
  70  8:06  Muscular Augments  
  70  8:09  Drone x2  
  70  8:10  Drone  
  71  8:23  Overlord  
  71  8:24  Overlord  
  71  8:25  Zergling x2  
  72  8:30  Drone x2  
  72  8:31  Overlord  
  72  8:32  Overlord x2  
  74  8:41  Baneling  
  74  8:42  Baneling x9  
  74  8:48  Drone  
  74  8:49  Drone  
  74  8:50  Drone x2  
  74  8:53  Queen  
  81  8:55  Drone x3  
  81  8:56  Drone  
  81  8:59  Extractor  
  83  9:04  Queen  
  83  9:06  Overseer  
  83  9:08  Hydralisk  
  83  9:09  Hydralisk  
  89  9:18  Overseer  
  89  9:22  Overseer  
  89  9:27  Queen  
  89  9:29  Pneumatized Carapace  
  89  9:30  Drone x3  
  94  9:35  Drone x8  
  102  9:49  Hydralisk  
  102  9:50  Hydralisk x5  
  114  9:58  Zerg Missile Weapons Level 2  
  114  10:06  Extractor  
  113  10:07  Extractor  
  112  10:16  Zergling x12  
  112  10:17  Zergling x4  
  120  10:25  Infestation Pit  
  120  10:26  Zerg Ground Armor Level 1  
  119  10:30  Drone  
  119  10:32  Overlord x5  
  77  11:19  Hydralisk  
  77  11:20  Hydralisk x10  
  77  11:22  Zergling x16  
  77  11:23  Zergling x22  
  118  11:31  Lurker Den  
  117  11:41  Zergling x2  
  117  11:42  Zergling x18  
  117  11:44  Baneling  
  117  11:45  Baneling x5  
  117  11:46  Baneling x2  
  124  11:54  Baneling  
  124  11:55  Baneling x13  
  124  11:56  Baneling x2  
  124  11:57  Zergling x2  
  124  11:58  Zergling x4  
  124  11:59  Hatchery  
  98  12:12  Zergling x14  
  98  12:13  Zergling x6  
  98  12:21  Zergling x4  
  78  12:33  Hydralisk x2  
Show
View Real Time Build Order
Export as new Build Order

dvi Terran - Winner!

Build Orders:  

Get SALT Encoding   

  12  0:00  SCV  
  13  0:13  SCV  
  14  0:21  Supply Depot  
  14  0:25  SCV  
  15  0:44  Barracks  
  15  0:46  Barracks  
  15  0:49  SCV  
  16  0:55  Refinery  
  16  1:02  SCV  
  17  1:17  SCV  
  18  1:30  Orbital Command  
  18  1:31  Marine  
  19  1:33  Marine  
  19  1:38  Barracks  
  20  1:49  Reaper  
  20  1:50  Supply Depot  
  21  1:57  Reaper  
  21  1:59  SCV  
  23  2:02  Refinery  
  23  2:21  Reaper  
  23  2:22  SCV  
  25  2:38  Reaper  
  25  2:40  SCV  
  25  2:43  Reaper  
  28  3:16  Reaper x2  
  30  3:23  SCV  
  31  3:27  Engineering Bay  
  31  3:30  Command Center  
  31  3:31  Reaper  
  31  3:55  Supply Depot x2, Terran Infantry Weapons Level 1  
  31  3:59  Barracks x2  
  31  4:16  Reaper x3, SCV  
  35  4:25  Barracks  
  35  4:28  SCV  
  36  4:40  SCV  
  36  4:43  Orbital Command  
  37  4:46  Refinery  
  37  4:48  Reaper x3  
  37  4:51  Reaper x2  
  42  4:53  SCV  
  42  4:54  Refinery  
  41  5:15  SCV x2  
  41  5:20  Reaper x3  
  46  5:25  Supply Depot  
  46  5:28  SCV  
  47  5:30  SCV  
  47  5:35  Reaper x3  
  51  5:41  SCV  
  52  5:44  SCV  
  53  5:53  Reaper, SCV  
  53  5:57  SCV  
  56  6:02  Reaper x2  
  58  6:05  SCV  
  58  6:08  Supply Depot x2  
  58  6:09  SCV  
  60  6:12  Reaper  
  60  6:17  SCV  
  62  6:30  Reaper x2, SCV x2  
  66  6:33  Supply Depot  
  66  6:34  Supply Depot  
  66  6:35  Reaper, Factory  
  67  6:42  SCV  
  68  6:48  Reaper x2  
  67  7:04  Reaper, SCV  
  67  7:05  SCV  
  70  7:12  Barracks Tech Lab  
  70  7:15  Supply Depot  
  70  7:16  SCV  
  70  7:17  SCV  
  70  7:20  Factory Reactor  
  70  7:21  Starport  
  72  7:24  Reaper  
  50  7:49  Marauder, Marine x2  
  54  7:59  Liberator, Widow Mine x2  
  54  8:00  Marine x3  
  64  8:07  Marine x2  
  64  8:08  Bunker  
  64  8:09  SCV  
  64  8:10  Marauder, SCV  
  70  8:18  Marine  
  71  8:24  Marine  
  69  8:30  Widow Mine  
  69  8:31  Widow Mine  
  69  8:32  Marauder  
  74  8:34  Barracks  
  74  8:35  Barracks Reactor  
  74  8:36  Barracks Reactor  
  74  8:38  Stimpack  
  74  8:39  Marine x2  
  75  8:42  Marine  
  76  8:53  Marauder  
  78  8:57  Marine x2  
  78  8:58  Terran Infantry Armor Level 1  
  78  8:59  Command Center  
  78  9:00  Marine  
  81  9:04  Supply Depot  
  81  9:14  Marine  
  81  9:16  Marine x2  
  81  9:17  Marine x4  
  84  9:18  Marine  
  89  9:27  Barracks Reactor  
  89  9:30  Starport Reactor  
  89  9:31  Widow Mine x2  
  93  9:32  Marine  
  93  9:34  Marine x4  
  93  9:35  Marine x2  
  93  9:36  Marine  
  101  9:50  Marine  
  101  9:52  Marine x2, Widow Mine x2  
  108  9:54  Armory  
  108  9:55  Barracks  
  108  9:56  Supply Depot  
  108  9:57  Supply Depot, SCV  
  108  9:58  SCV  
  110  10:11  Supply Depot, Marine x10, Medivac x2  
  110  10:12  Supply Depot  
  110  10:13  Orbital Command  
  124  10:18  Supply Depot  
  124  10:24  Combat Shield  
  124  10:28  Marine x3  
  124  10:29  Orbital Command  
  124  10:33  Marine  
  124  10:34  Marine x2  
  130  10:36  Widow Mine x2  
  130  10:41  Medivac x2  
  138  10:46  Marauder, Marine x2  
  138  10:47  Marine x2  
  140  10:52  Marine x2  
  140  10:53  Marine x2  
  144  10:58  SCV x2  
  137  11:08  Marauder  
  139  11:11  Medivac  
  139  11:12  SCV  
  139  11:13  SCV  
  139  11:14  Marine  
  144  11:24  SCV  
  144  11:25  Marine, SCV  
  146  11:26  Marine x3  
  150  11:33  Supply Depot  
  150  11:34  Supply Depot  
  150  11:55  Marauder, Marine x5  
  150  11:58  Marine x3  
  150  11:59  Marine x2  
  137  12:12  Marine x3  
  138  12:16  Marine  
  138  12:17  Marauder, Marine x5  
  138  12:18  Marine  
  147  12:24  Widow Mine  
  147  12:25  Widow Mine  
  151  12:30  Marine x2  
  151  12:33  Marine  
  151  12:36  Marine x5  
  156  12:38  Marauder  
  156  12:41  Marine x2  
Tags
 
League
Diamond
Matchup
TvZ
Opening
Pool First
Replay Pack
2025 replay dump
Spawn Locations
Cross Positions
Add a new tag
Caveats
  • Supply blocks, unpowered buildings, or Contaminate may cause inaccurate times.
  • Supply counts are checked every 10 seconds.